 Dungeon Crawl Stone Soup version 0.30-a0-867-g305f33218d (webtiles) character file.

Game seed: 9492978066646920811

5975 Anamonty the Tainter (level 10, 0/66 HPs)
             Began as an Octopode Venom Mage on Mar 10, 2023.
             Slain by a vampire (10 damage)
             ... on level 10 of the Dungeon.
             The game lasted 00:19:37 (10102 turns).

Anamonty the Tainter (Octopode Venom Mage)         Turns: 10102, Time: 00:19:38

Health: 0/66       AC:  1    Str: 11    XL:     10   Next: 84%
Magic:  20/28      EV: 22    Int: 19    God:
Gold:   445        SH:  0    Dex: 18    Spells: 11/22 levels left

rFire   . . .      SeeInvis +    w - +8 long sword of Bloodstone {vamp, SInv}
rCold   . . .      Faith    .    (no shield)
rNeg    . . .      Spirit   .    (helmet restricted)
rPois   .          Reflect  .    f - amulet of the acrobat
rElec   .          Rampage  .    i - ring of magical power
rCorr   .                        v - +6 ring of dexterity
Will    .....                    G - +5 ring of evasion
Stlth   ++++                     (no ring)
HPRegen 0.31/turn                (no ring)
MPRegen 0.21/turn                (no ring)
                                 (no ring)
                                 (no ring)

@: no status effects
A: almost no armour, amphibious, 8 rings, camouflage 1, gelatinous body 1,
(nimble swimmer 1), tentacles
a: no special abilities


You were on level 10 of the Dungeon.
You visited 2 branches of the dungeon, and saw 11 of its levels.
You also visited: Sewer.

You collected 544 gold pieces.
You spent 99 gold pieces at shops.

Inventory:

Hand Weapons
 p - the +7 shortbow of Pain and Death {drain, Will+ Dex+4 SInv}
   (You found it on level 2 of the Dungeon)

   Dex:       It affects your dexterity (+4).
   SInv:      It lets you see invisible.
   Will:      It increases your willpower.
 w - the +8 long sword of Bloodstone (weapon) {vamp, SInv}
   (You found it on level 4 of the Dungeon)

   SInv:      It lets you see invisible.
Jewellery
 c - an amulet of guardian spirit
 f - an amulet of the acrobat (around mantle)
 i - a ring of magical power (left tentacle)
 v - a +6 ring of dexterity (right tentacle)
 G - a +5 ring of evasion (on tentacle)
Wands
 r - a wand of flame (18)
 B - a wand of quicksilver (3) (quivered)
 E - a wand of charming (17)
 F - a wand of iceblast (3)
Scrolls
 b - 2 scrolls of noise
 d - a scroll of fog
 e - 3 scrolls of magic mapping
 j - 5 scrolls of amnesia
 m - 6 scrolls of vulnerability
 o - 3 scrolls of poison
 q - 6 scrolls of teleportation
 t - a scroll of torment
 x - a scroll of brand weapon
 y - a scroll of acquirement {unknown}
 D - 2 scrolls of immolation
 H - a scroll of silence {unknown}
Potions
 a - 2 potions of magic
 g - 6 potions of brilliance
 h - 4 potions of flight
 k - 5 potions of curing
 l - 2 potions of lignification
 n - 3 potions of might
 s - 7 potions of heal wounds
 u - a potion of attraction
 z - 4 potions of haste
 A - a potion of ambrosia
 C - 2 potions of cancellation {unknown}
 I - a potion of invisibility {unknown}
 J - a potion of resistance {unknown}


   Skills:
 + Level 5.3 Fighting
 + Level 7.2 Dodging
 - Level 4.0 Stealth
 + Level 5.1 Unarmed Combat
 + Level 6.6 Spellcasting
 * Level 5.5 Transmutations
 - Level 8.0 Poison Magic
 + Level 5.9 Evocations


You had 11 spell levels left.
You knew the following spells:

 Your Spells              Type           Power      Damage    Failure   Level
a - Sting                 Tmut/Pois      100%       1d8       1%          1
c - Olgreb's Toxic Radia  Pois           36%        N/A       4%          4
d - Mephitic Cloud        Conj/Pois/Air  16%        N/A       11%         3
e - Ignite Poison         Fire/Tmut/Pois 23%        N/A       4%          3

Your spell library contained the following spells:

 Spells                   Type           Power      Damage    Failure   Level
 Poisonous Vapours        Pois/Air       42%        N/A       3%          2
 Apportation              Tloc           12%        N/A       11%         1
 Magic Dart               Conj           24%        1d4       11%         1
 Slow                     Hex            24%        N/A       11%         1
 Call Imp                 Summ           6%         N/A       16%         2
 Sublimation of Blood     Necr           6%         N/A       16%         2
 Alistair's Intoxication  Tmut/Pois      21%        N/A       19%         5
 Confusing Touch          Hex            6%         N/A       32%         3
 Dazzling Flash           Conj/Hex       12%        N/A       32%         3
 Kindle Blastsparks       Fire/Tloc/Air  12%        2d11      32%         3
 Vampiric Draining        Necr           6%         2d6       32%         3
 Petrify                  Tmut/Erth      16%        N/A       32%         4
 Irradiate                Conj/Tmut      8%         3d14      67%         5
 Agony                    Necr           6%         N/A       96%         5
 Freezing Cloud           Conj/Ice/Air   3%         6-21      96%         5
 Silence                  Hex/Air        3%         N/A       96%         5
 Malign Gateway           Summ/Tloc      3%         N/A       100%        7
 Summon Horrible Things   Summ           3%         N/A       100%        8


Dungeon Overview and Level Annotations

Branches:
Dungeon (10/15)            Temple (1/1) D:5            Lair (0/5) D:8
  Sewer (visited)
    Orc: D:9-12

Altars:
Ashenzari
Cheibriados
Dithmenos
Elyvilon
Fedhas
Gozag
Kikubaaqudgha
Makhleb
Nemelex Xobeh
Okawaru
Ru
Sif Muna
Trog
Uskayaw
Vehumet
Wu Jian
Xom
Yredelemnul
Zin
The Shining One

Shops:
D:4 !

Annotations:
D:6 3 runed translucent doors, stillor's ghost, novice NaTm


Innate Abilities, Weirdness & Mutations

You cannot wear most types of armour.
You are amphibious.
You can wear up to eight rings at the same time.
Your skin changes colour to match your surroundings (Stealth+).
Your rubbery body absorbs attacks. (AC +1, EV +1)
((You are camouflaged when in or above water. (Stealth+)))
You have tentacles for arms and can constrict up to eight enemies at once.


Message History

The shadow is engulfed in blazing flames.
You destroy the shadow!
You closely miss the vampire. Your grab misses the vampire.
Your squeeze misses the vampire. The vampire completely misses you.
The vampire barely misses you.
You hear a shout!
You closely miss the vampire. The vampire blocks your attack.
The vampire barely misses you. The vampire bites you.
The vampire draws strength from your injuries!
You barely miss the vampire. Your grab misses the vampire.
The vampire blocks your attack. The vampire completely misses you.
The vampire misses you. The vampire completely misses you.
The vampire barely misses you. The vampire blocks your attack.
Your grab misses the vampire. You squeeze the vampire.
The vampire is lightly damaged.
The vampire misses you. The vampire barely misses you.
You barely miss the vampire. Your grab misses the vampire.
The vampire is lightly damaged.
The vampire completely misses you. x2; The vampire misses you.
The vampire barely misses you.
You slash the vampire! You grab the vampire.
The vampire is moderately damaged.
You constrict the vampire, but do no damage.
The vampire misses you. The vampire bites you.
The vampire draws strength from your injuries!
A wight comes into view. It is wielding a +2 falchion.
You hit the vampire. You squeeze the vampire.
The vampire is heavily damaged.
You constrict the vampire, but do no damage.
The vampire draws life force from you!
The vampire is healed by the life force!
You hit the vampire but do no damage.
The vampire is moderately damaged.
You constrict the vampire, but do no damage.
The vampire misses you. The vampire bites you!
* * * LOW HITPOINT WARNING * * *
The vampire draws strength from your injuries!
The vampire hits you!
You die...

#..# #..
...#P..RP#
#..###+###.#
#.#.#######
#..........#
#.#.. .
#...##.####..#
.##
#..####...# #
#.......[##
#.#
#..##.#.#.#
..#
#..#.#.####..#
#......@Vz..#
#..#######.#.#
#.. .# #. .#
.. .# .# ..


You could see a vampire and a wight.

Vanquished Creatures
  An elephant (D:8)
  3 slime creatures (D:8)
  Sigmund (D:3)
  2 shadows
  4 wyverns
  A basilisk (D:8)
  An acid dragon (D:9)
  A water moccasin (D:6)
  Duvessa (D:6)
  3 orc warriors
  A black bear (D:8)
  A sky beast (D:7)
  2 ice beasts
  An ogre (D:5)
  2 centaurs
  A phantom (D:5)
  8 kobold brigands
  A gnoll sergeant (D:9)
  13 wights
  Dowan (D:6)
  7 killer bees
  A howler monkey (D:7)
  4 orc priests
  2 hounds
  2 jellies (D:8)
  2 sleepcaps (D:6)
  Jessica (D:2)
  2 iguanas
  3 orc wizards
  Natasha (thrice) (D:3)
  Robin (D:3)
  12 gnolls
  7 adders
  4 river rats (Sewer)
  2 shadow imps (D:6)
  2 white imps
  2 worms
  5 dart slugs
  19 orcs
  12 ball pythons
  5 bats
  11 endoplasms
  4 giant cockroaches
  14 goblins
  11 hobgoblins
  10 jackals
  47 kobolds
  2 quokkas
  7 frilled lizards
  26 rats
279 creatures vanquished.

Vanquished Creatures (others)
  9 fungi (D:8)
  3 plants
  8 toadstools (D:8)
20 creatures vanquished.

Grand Total: 299 creatures vanquished

Notes
Turn   | Place    | Note
-------+----------+-------------------------------------------
     0 | D:1      | Anamonty the Octopode Venom Mage began the quest for the
                  | Orb.
     0 | D:1      | Reached XP level 1. HP: 11/11 MP: 3/3
   285 | D:1      | Reached XP level 2. HP: 15/17 MP: 0/5
   402 | D:1      | Reached skill level 4 in Poison Magic
   999 | D:1      | Reached XP level 3. HP: 19/21 MP: 6/6
  1265 | D:1      | Found a faded altar of an unknown god.
  1316 | D:2      | Learned a level 2 spell: Poisonous Vapours
  1387 | D:2      | Noticed Jessica
  1391 | D:2      | Killed Jessica
  1395 | D:2      | Reached XP level 4. HP: 19/27 MP: 7/7
  1832 | D:2      | Identified the +7 shortbow of Pain and Death {drain, Will+
                  | Dex+4 SInv}
  2140 | D:3      | Noticed Sigmund
  2148 | D:3      | Killed Sigmund
  2149 | D:3      | Reached skill level 6 in Poison Magic
  2149 | D:3      | Reached XP level 5. HP: 23/31 MP: 9/9
  2149 | D:3      | Reached XP level 6. HP: 27/36 MP: 10/10
  2154 | D:3      | Learned a level 4 spell: Olgreb's Toxic Radiance
  2202 | D:3      | Learned a level 3 spell: Mephitic Cloud
  2357 | D:3      | Noticed Natasha
  2358 | D:3      | Killed Natasha
  2373 | D:3      | Noticed Robin
  2379 | D:3      | Killed Robin
  2572 | D:3      | Noticed Natasha
  2573 | D:3      | Killed Natasha
  2839 | D:3      | Noticed Natasha
  2840 | D:3      | Killed Natasha
  3032 | D:4      | Reached XP level 7. HP: 41/41 MP: 12/12
  3093 | D:4      | Identified the +8 long sword of Bloodstone {vamp, SInv}
  3408 | D:4      | Learned a level 3 spell: Ignite Poison
  3426 | D:4      | Found Enogef's Distillery.
  3431 | D:4      | Bought a potion of heal wounds for 55 gold pieces
  3431 | D:4      | Bought a potion of lignification for 33 gold pieces
  3431 | D:4      | Bought a potion of degeneration for 11 gold pieces
  3724 | D:5      | Entered Level 5 of the Dungeon
  3738 | D:5      | Reached skill level 7 in Poison Magic
  3775 | D:5      | Found a staircase to the Ecumenical Temple.
  3783 | Temple   | Entered the Ecumenical Temple
  3921 | D:5      | Found a glowing drain.
  3938 | Sewer    | Entered a sewer
  4344 | Sewer    | Reached skill level 8 in Poison Magic
  5241 | D:6      | Reached XP level 8. HP: 47/47 MP: 14/14
  5242 | D:6      | Noticed Duvessa
  5374 | D:6      | Reached skill level 1 in Evocations
  5419 | D:6      | Reached skill level 1 in Fighting
  5419 | D:6      | Reached skill level 1 in Unarmed Combat
  5561 | D:6      | Noticed Dowan
  5567 | D:6      | Killed Duvessa
  5568 | D:6      | Reached skill level 5 in Dodging
  5569 | D:6      | Killed Dowan
  5679 | D:6      | Found a runed translucent gate.
  5680 | D:6      | Found a runed translucent gate.
  5680 | D:6      | Noticed a kobold demonologist
  5680 | D:6      | Noticed stillor's ghost (novice NaTm)
  5681 | D:6      | Found a runed translucent gate.
  6137 | D:6      | Found an ornate altar of the Wu Jian Council.
  6138 | D:6      | Found a glowing golden altar of the Shining One.
  6312 | D:6      | Reached XP level 9. HP: 55/55 MP: 16/16
  6462 | D:7      | Reached skill level 5 in Spellcasting
  6720 | D:7      | Found a snail-covered altar of Cheibriados.
  6760 | D:7      | Found a burning altar of Makhleb.
  6763 | D:7      | Found a bloodstained altar of Trog.
  6766 | D:7      | Found a hide-covered altar of Uskayaw.
  6860 | D:7      | Found an iron altar of Okawaru.
  7284 | D:8      | Noticed an elephant
  7307 | D:8      | Killed an elephant
  7834 | D:8      | Reached XP level 10. HP: 59/64 MP: 18/18
  8231 | D:8      | Reached skill level 5 in Evocations
  8394 | D:8      | Found a staircase to the Lair.
  8867 | D:9      | Reached skill level 5 in Transmutations
  9117 | D:8      | Reached skill level 5 in Fighting
  9359 | D:9      | Reached skill level 5 in Unarmed Combat
  9845 | D:10     | Entered Level 10 of the Dungeon
 10102 | D:10     | Slain by a vampire

Illustrated notes

Levels and vault maps discovered:
D:1:      dpeg_arrival_more_subterranean_lakeside_camping, layout_basic,
          ebering_ecumenical_altar_box
D:2:      layout_loops_ring, uniq_jessica
D:3:      layout_loops_ring, minmay_hedge_maze, nrook_uturn,
          nicolae_elevator_lobby_plus, uniq_natasha, uniq_robin, uniq_sigmund
D:4:      layout_loops_ring, serial_shops, nicolae_shop_hallway_stairs
D:5:      layout_cave_pods, minmay_temple_entry_sparse_star,
          cheibrodos_sewer_entry_sluice
D:6:      layout_loops_ring, nicolae_overflow_hidden_temple,
          gammafunk_ghost_split, minmay_misc_feat_columns, uniq_duvessa
D:7:      layout_loops_ring, okawaru_altar_gauntlet_db,
          grunt_temple_overflow_cloverleaf
D:8:      cheibrodos_fertilizer, layout_loops_ring, david_lair_generic
D:9:      layout_cave_pools
D:10:     layout_irregular_city, serial_rivers, chequers_serial_rivers_small_3,
          chequers_serial_rivers_small_b, chequers_serial_rivers_room_a,
          chequers_serial_rivers_large_a, chequers_serial_rivers_micro_e,
          minmay_shattered_shrine
Temple:   nicolae_temple_god_jail

Skill      XL: |  1  2  3  4  5  6  7  8  9 10 |
---------------+-------------------------------+-----
Stealth        | 3 4 |  4.0
Poison Magic   | 4 6 8 |  8.0
Dodging        | 3 4 5 6 7 |  7.2
Spellcasting   | 3 4 5 6 |  6.6
Evocations     | 2 4 5 |  5.9
Fighting       | 2 4 5 |  5.3
Unarmed Combat | 2 4 5 |  5.1
Transmutations | 2 4 5 |  5.5

Action                     |  1- 3 |  4- 6 |  7- 9 | 10-12 || total
---------------------------+-------+-------+-------+-------++-------
  Melee: Unarmed           |    35 |    13 |       |       ||    48
         Constrict         |    12 |     3 |       |     2 ||    17
         Tentacles         |     6 |     3 |     1 |     5 ||    15
         Punch             |     2 |       |       |     1 ||     3
         Long sword        |       |       |     6 |    21 ||    27
   Fire: Shortbow          |       |    45 |   177 |   103 ||   325
   Cast: Sting             |    28 |    24 |    12 |       ||    64
         Poisonous Vapours |       |     3 |       |       ||     3
         Olgreb's Toxic Ra |       |     3 |    30 |    15 ||    48
         Ignite Poison     |       |       |    15 |    19 ||    34
         Mephitic Cloud    |       |       |     4 |    11 ||    15
  Evoke: Wand              |       |       |     3 |       ||     3
    Use: Scroll            |       |     4 |    10 |     4 ||    18
   Stab: Sleeping          |     4 |     2 |       |       ||     6
 Armour: Skin              |     4 |     2 |       |       ||     6
  Dodge: Dodged            |    24 |    17 |    40 |    75 ||   156

Table legend: (Time is in decaauts)
 A = Elapsed time spent in this place.
 B = Non-inter-level travel time spent in this place.
 C = Inter-level travel time spent in this place.
 D = Time resting spent in this place.
 E = Time spent auto-exploring this place.
 F = Levels seen in this place.
 G = Mean time per level.
                   A        B        C        D        E       F      G
               +--------+--------+--------+--------+--------+-----+--------+
         Total |  10273 |   9801 |    472 |      0 |   8049 |  12 |  856.1 |
       Dungeon |   9533 |   9067 |    466 |      0 |   7534 |  10 |  953.3 |
        Temple |     55 |     49 |      6 |      0 |      0 |   1 |   55.0 |
         Sewer |    683 |    683 |      0 |      0 |    515 |   1 |  683.0 |
               +--------+--------+--------+--------+--------+-----+--------+

Top non-repeatable levels by time:
     D:8: 1875 daAuts
     D:1: 1301 daAuts
     D:5: 1026 daAuts
     D:7: 983 daAuts
     D:6: 955 daAuts
     D:3: 874 daAuts
     D:2: 837 daAuts
     D:4: 739 daAuts
   Sewer: 683 daAuts
     D:9: 675 daAuts
    D:10: 264 daAuts
  Temple: 55 daAuts
